3A
IDAHO FALLS CHUKARS @ HAMMOND HERONS
09/11/2027
 
TOP OF THE 1ST
Idaho Falls Chukars batting - Pitching for Hammond Herons : LHP Kanakanui Lokomaikainani
Pitching: LHP Kanakanui Lokomaikainani
Batting: LHB Juan Rosado 0-0: Foul Ball, location: 2F
0-1: Called Strike
0-2: Foul Ball, location: 2F
0-2: Strikes out swinging
Batting: SHB Shiki Sanu 0-0: Ball
1-0: Foul Ball, location: 2F
1-1: Foul Ball, location: 2F
1-2: Foul Ball, location: 2F
1-2: Fly out, F8 (Flyball, 8LM)
Batting: RHB Scott Ramsey 0-0: Called Strike
0-1: Ball
1-1: Ball
2-1: Ground out 6-3 (Groundball, 6)
Top of the 1st over - 0 run(s), 0 hit(s), 0 error(s), 0 left on base; Idaho Falls 0 - Hammond 0
BOTTOM OF THE 1ST
Hammond Herons batting - Pitching for Idaho Falls Chukars : LHP Dale Hamilton
Pitching: LHP Dale Hamilton
Batting: RHB José Chávez 0-0: Called Strike
0-1: Ball
1-1: Foul Ball, location: 2F
1-2: Ball
2-2: Strikes out looking
Batting: LHB Wilson López 0-0: Foul Ball, location: 2F
0-1: Ball
1-1: Swinging Strike
1-2: Foul Ball, location: 2F
1-2: Strikes out swinging, 2-3 out at first.
Batting: RHB Carlos González 0-0: Foul Ball, location: 2F
0-1: Swinging Strike
0-2: Strikes out looking
Bottom of the 1st over - 0 run(s), 0 hit(s), 0 error(s), 0 left on base; Idaho Falls 0 - Hammond 0
TOP OF THE 2ND
Idaho Falls Chukars batting - Pitching for Hammond Herons : LHP Kanakanui Lokomaikainani
Batting: SHB Félix Medina 0-0: Called Strike
0-1: Called Strike
0-2: Foul Ball, location: 2F
0-2: Ball
1-2: Ball
2-2: Ground out 6-3 (Groundball, 6)
Batting: RHB Alexandre Keeping 0-0: Fly out, F6 (Line Drive, 6)
Batting: RHB León Preciado 0-0: Ball
1-0: Ball
2-0: Called Strike
2-1: Called Strike
2-2: Fly out, F7 (Flyball, 7LDF)
Top of the 2nd over - 0 run(s), 0 hit(s), 0 error(s), 0 left on base; Idaho Falls 0 - Hammond 0
BOTTOM OF THE 2ND
Hammond Herons batting - Pitching for Idaho Falls Chukars : LHP Dale Hamilton
Batting: RHB Bill Rinck 0-0: Called Strike
0-1: Ball
1-1: Ball
2-1: Foul Ball, location: 2F
2-2: Foul Ball, location: 2F
2-2: Ball
3-2: Strikes out looking
Batting: LHB Marcos Costa 0-0: Ball
1-0: Ball
2-0: SOLO HOME RUN (Flyball, 9LD), Distance : 323 ft
Batting: RHB Sixto Estrada 0-0: Called Strike
0-1: Ball
1-1: Foul Ball, location: 2F
1-2: Foul Ball, location: 2F
1-2: Ball
2-2: Foul Ball, location: 2F
2-2: Strikes out swinging
Batting: RHB David Meléndez 0-0: Ball
1-0: Foul Ball, location: 2F
1-1: Called Strike
1-2: Foul Ball, location: 2F
1-2: Strikes out swinging
Bottom of the 2nd over - 1 run(s), 1 hit(s), 0 error(s), 0 left on base; Idaho Falls 0 - Hammond 1
TOP OF THE 3RD
Idaho Falls Chukars batting - Pitching for Hammond Herons : LHP Kanakanui Lokomaikainani
Batting: LHB Jérôme Masson 0-0: Ball
1-0: Bunt for hit - play at first, batter safe!
Batting: RHB Shannon Stevens 0-0: Ball
1-0: Foul Ball, location: 2F
1-1: Ball
2-1: Fly out, F7 (Flyball, 7)
Batting: SHB Jesús Román 0-0: Fly out, F9 (Flyball, 89D)
Batting: LHB Juan Rosado 0-0: Foul Ball, location: 2F
0-1: Ball
1-1: Fielders Choice at 2nd, 6-4 (Groundball, 6)
Top of the 3rd over - 0 run(s), 1 hit(s), 0 error(s), 0 left on base; Idaho Falls 0 - Hammond 1
BOTTOM OF THE 3RD
Hammond Herons batting - Pitching for Idaho Falls Chukars : LHP Dale Hamilton
Batting: RHB Gomez Talone 0-0: Called Strike
0-1: Ball
1-1: Ball
2-1: Foul Ball, location: 2F
2-2: Strikes out swinging
Batting: RHB Hirohisa Ogasawara 0-0: SINGLE (Line Drive, 89S)
Batting: RHB José Chávez 0-0: Ball
1-0: Foul Ball, location: 2F
1-1: Foul Ball, location: 2F
1-2: Grounds into double play, 6-4-3 (Groundball, 6)
Bottom of the 3rd over - 0 run(s), 1 hit(s), 0 error(s), 0 left on base; Idaho Falls 0 - Hammond 1
TOP OF THE 4TH
Idaho Falls Chukars batting - Pitching for Hammond Herons : LHP Kanakanui Lokomaikainani
Batting: SHB Shiki Sanu 0-0: Called Strike
0-1: Foul Ball, location: 2F
0-2: Ball
1-2: Strikes out swinging
Batting: RHB Scott Ramsey 0-0: Ball
1-0: Foul Ball, location: 2F
1-1: Ground out 6-3 (Groundball, 6D)
Batting: SHB Félix Medina 0-0: Ball
1-0: Ball
2-0: Called Strike
2-1: Foul Ball, location: 2F
2-2: Ball
3-2: TRIPLE (Flyball, 89M)
Batting: RHB Alexandre Keeping 0-0: SINGLE (Line Drive, 7S)
Félix Medina scores
Batting: RHB León Preciado 0-0: Called Strike
0-1: Foul Ball, location: 2F
0-2: Foul Ball, location: 2F
0-2: Ball
Alexandre Keeping steals 2nd base
1-2: Ground out 5-3 (Groundball, 5S)
Top of the 4th over - 1 run(s), 2 hit(s), 0 error(s), 1 left on base; Idaho Falls 1 - Hammond 1
BOTTOM OF THE 4TH
Hammond Herons batting - Pitching for Idaho Falls Chukars : LHP Dale Hamilton
Batting: LHB Wilson López 0-0: Foul Ball, location: 2F
0-1: Foul Ball, location: 2F
0-2: Strikes out swinging
Batting: RHB Carlos González 0-0: Ball
1-0: Fly out, F2 (Popup, 2R)
Batting: RHB Bill Rinck 0-0: Called Strike
0-1: Called Strike
0-2: Strikes out swinging
Bottom of the 4th over - 0 run(s), 0 hit(s), 0 error(s), 0 left on base; Idaho Falls 1 - Hammond 1
TOP OF THE 5TH
Idaho Falls Chukars batting - Pitching for Hammond Herons : LHP Kanakanui Lokomaikainani
Batting: LHB Jérôme Masson 0-0: SINGLE (Line Drive, 34)
Batting: RHB Shannon Stevens 0-0: Bunted foul
0-1: Bunt missed!
0-2: Ball
1-2: Ball
2-2: Foul Ball, location: 2F
2-2: Ball
3-2: Base on Balls
Jérôme Masson to second
Batting: SHB Jesús Román 0-0: Sac Bunt - play at third, runner OUT! 3-5
Shannon Stevens to second
Batting: LHB Juan Rosado 0-0: Ball
1-0: Swinging Strike
1-1: Ball
2-1: Fly out, F7 (Flyball, 7)
Batting: SHB Shiki Sanu 0-0: Ball
1-0: Ball
2-0: Called Strike
2-1: Swinging Strike
2-2: Strikes out swinging
Top of the 5th over - 0 run(s), 1 hit(s), 0 error(s), 2 left on base; Idaho Falls 1 - Hammond 1
BOTTOM OF THE 5TH
Hammond Herons batting - Pitching for Idaho Falls Chukars : LHP Dale Hamilton
Batting: LHB Marcos Costa 0-0: Swinging Strike
0-1: Ball
1-1: Foul Ball, location: 2F
1-2: Strikes out swinging
Batting: RHB Sixto Estrada 0-0: Called Strike
0-1: Fly out, F7 (Flyball, 78D)
Batting: RHB David Meléndez 0-0: Foul Ball, location: 2F
0-1: Ball
1-1: Swinging Strike
1-2: Ball
2-2: Ball
3-2: Ground out 6-3 (Groundball, 6)
Bottom of the 5th over - 0 run(s), 0 hit(s), 0 error(s), 0 left on base; Idaho Falls 1 - Hammond 1
TOP OF THE 6TH
Idaho Falls Chukars batting - Pitching for Hammond Herons : LHP Kanakanui Lokomaikainani
Batting: RHB Scott Ramsey 0-0: Ball
1-0: Foul Ball, location: 2F
1-1: Ball
2-1: Ball
3-1: Base on Balls
Batting: SHB Félix Medina 0-0: DOUBLE (Flyball, 89D)
Scott Ramsey to third
Batting: RHB Alexandre Keeping 0-0: Ball
1-0: Called Strike
1-1: Swinging Strike
1-2: Ball
2-2: Ball
3-2: Strikes out swinging
Batting: RHB León Preciado 0-0: Ball
1-0: Swinging Strike
1-1: Ball
2-1: Called Strike
2-2: SINGLE (Groundball, 56D)
Scott Ramsey scores
Félix Medina to third
Runner from 3rd tries for Home, SAFE, no throw
Batting: LHB Jérôme Masson 0-0: Called Strike
0-1: Ball
1-1: Called Strike
1-2: Foul Ball, location: 2F
1-2: Ball
2-2: SINGLE (Groundball, 34D)
León Preciado to second
Batting: RHB Shannon Stevens 0-0: Ball
1-0: Ball
2-0: Ground out 5-3 (Groundball, 56S)
León Preciado to third
Jérôme Masson to second
Batting: SHB Jesús Román 0-0: Called Strike
0-1: Called Strike
0-2: Ball
1-2: Ball
2-2: Foul Ball, location: 2F
2-2: Ground out U3 (Groundball, 34)
Top of the 6th over - 2 run(s), 3 hit(s), 0 error(s), 2 left on base; Idaho Falls 3 - Hammond 1
BOTTOM OF THE 6TH
Hammond Herons batting - Pitching for Idaho Falls Chukars : LHP Dale Hamilton
Batting: RHB Gomez Talone 0-0: Ball
1-0: Fly out, F9 (Line Drive, 89M)
Batting: RHB Hirohisa Ogasawara 0-0: Ball
1-0: Called Strike
1-1: Foul Ball, location: 2F
1-2: Strikes out swinging
Batting: RHB José Chávez 0-0: Ball
1-0: Foul Ball, location: 2F
1-1: Fly out, F8 (Line Drive, 8RM)
Bottom of the 6th over - 0 run(s), 0 hit(s), 0 error(s), 0 left on base; Idaho Falls 3 - Hammond 1
TOP OF THE 7TH
Idaho Falls Chukars batting - Pitching for Hammond Herons : LHP Kanakanui Lokomaikainani
Batting: LHB Juan Rosado 0-0: Ball
1-0: Called Strike
1-1: Ball
2-1: Ball
3-1: Foul Ball, location: 2F
3-2: Strikes out swinging
Batting: SHB Shiki Sanu 0-0: Called Strike
0-1: Swinging Strike
0-2: Ball
1-2: Strikes out looking
Batting: RHB Scott Ramsey 0-0: Called Strike
0-1: Foul Ball, location: 2F
0-2: Strikes out swinging
Top of the 7th over - 0 run(s), 0 hit(s), 0 error(s), 0 left on base; Idaho Falls 3 - Hammond 1
BOTTOM OF THE 7TH
Hammond Herons batting - Pitching for Idaho Falls Chukars : LHP Dale Hamilton
Batting: LHB Wilson López 0-0: Ground out 6-3 (Groundball, 6D)
Batting: RHB Carlos González 0-0: Ball
1-0: Ball
2-0: Ground out 4-3 (Groundball, 4MD)
Batting: RHB Bill Rinck 0-0: Ball
1-0: Foul Ball, location: 2F
1-1: Fly out, F8 (Flyball, 8RS)
Bottom of the 7th over - 0 run(s), 0 hit(s), 0 error(s), 0 left on base; Idaho Falls 3 - Hammond 1
TOP OF THE 8TH
Idaho Falls Chukars batting - Pitching for Hammond Herons : LHP Kanakanui Lokomaikainani
Pitching: RHP Herman Guevera
Batting: SHB Félix Medina 0-0: Fly out, F8 (Flyball, 8LM)
Batting: RHB Alexandre Keeping 0-0: Ball
1-0: Foul Ball, location: 2F
1-1: Foul Ball, location: 2F
1-2: SINGLE (Line Drive, 7S)
Batting: RHB León Preciado 0-0: Ball
1-0: SINGLE (Line Drive, 89S)
Alexandre Keeping to second
Runner from 2nd tries for 3rd, OUT!
Batting: LHB Jérôme Masson 0-0: Ball
1-0: Fly out, F6 (Popup, 4MD)
Top of the 8th over - 0 run(s), 2 hit(s), 0 error(s), 1 left on base; Idaho Falls 3 - Hammond 1
BOTTOM OF THE 8TH
Hammond Herons batting - Pitching for Idaho Falls Chukars : LHP Dale Hamilton
Batting: LHB Marcos Costa 0-0: Called Strike
0-1: Foul Ball, location: 2F
0-2: Strikes out swinging
Batting: RHB Sixto Estrada 0-0: Foul Ball, location: 2F
0-1: Fly out, F8 (Flyball, 8LM)
Batting: RHB David Meléndez 0-0: Ball
1-0: Called Strike
1-1: Swinging Strike
1-2: Strikes out swinging wild pitch, reaches first!
Pitching: RHP Ron Armstrong
Pinch Runner at 1st Héctor Rivera:
Batting: RHB Gomez Talone 0-0: Ball
1-0: Called Strike
1-1: Ball
2-1: Fielders Choice at 2nd, 4-6 (Groundball, 4)
Bottom of the 8th over - 0 run(s), 0 hit(s), 0 error(s), 0 left on base; Idaho Falls 3 - Hammond 1
TOP OF THE 9TH
Idaho Falls Chukars batting - Pitching for Hammond Herons : RHP Herman Guevera
Now at SS: Mark Frisby
Batting: RHB Shannon Stevens 0-0: Called Strike
0-1: Called Strike
0-2: Foul Ball, location: 2F
0-2: Strikes out swinging
Batting: SHB Jesús Román 0-0: Ball
1-0: Called Strike
1-1: Foul Ball, location: 2F
1-2: Foul Ball, location: 2F
1-2: Fly out, F7 (Line Drive, 7S)
Batting: LHB Juan Rosado 0-0: Called Strike
0-1: Called Strike
0-2: Foul Ball, location: 2F
0-2: Ball
1-2: Strikes out swinging
Top of the 9th over - 0 run(s), 0 hit(s), 0 error(s), 0 left on base; Idaho Falls 3 - Hammond 1
BOTTOM OF THE 9TH
Hammond Herons batting - Pitching for Idaho Falls Chukars : RHP Ron Armstrong
Pitching: LHP Vicente Romero
Batting: RHB Hirohisa Ogasawara 0-0: Ball
1-0: Ground out 1-3 (Groundball, 15S)
Batting: RHB José Chávez 0-0: Swinging Strike
0-1: Ball
1-1: Swinging Strike
1-2: Foul Ball, location: 2F
1-2: Ball
2-2: Strikes out looking
Batting: LHB Wilson López 0-0: Called Strike
0-1: Foul Ball, location: 2F
0-2: Strikes out looking
Bottom of the 9th over - 0 run(s), 0 hit(s), 0 error(s), 0 left on base; Idaho Falls 3 - Hammond 1
Saturday, May 26th, 2018 - OOTP Baseball 17.12 Build 75